 Dungeon Crawl Stone Soup version 0.30-a0-779-g7971cf19c3 (webtiles) character file.

Game seed: 4395290384807077551

436 Dittersdorf the Shield-Bearer (level 7, -3/44 HPs)
             Began as a Gargoyle Fighter on Feb 17, 2023.
             Slain by an orc warrior
             ... wielding a +0 dire flail
              (10 damage)
             ... on level 4 of the Dungeon.
             The game lasted 00:04:14 (3197 turns).

Dittersdorf the Shield-Bearer (Gargoyle Fighter)    Turns: 3197, Time: 00:04:15

Health: -3/44      AC: 25    Str: 22    XL:     7   Next: 1%
Magic:  7/7        EV:  9    Int:  8    God:
Gold:   229        SH:  4    Dex:  9    Spells: 6/6 levels left

rFire   + . .      SeeInvis .    k - +1 whip (elec)
rCold   . . .      Faith    .    c - +0 buckler
rNeg    + + .      Spirit   .    b - +8 scale mail of Lodoxuck {rF+ rN+}
rPois   ∞          Reflect  .    (no helmet)
rElec   +          Harm     .    (no cloak)
rCorr   +          Rampage  .    x - +0 pair of gloves
Will    .....                    (no boots) Stlth
                                 (no amulet)
HPRegen 0.27/turn                g - +4 ring of protection
MPRegen 0.10/turn                s - ring of resist corrosion

@: no status effects
A: sickness immunity, AC +4, negative energy resistance 1, electricity
resistance, torment resistance 1, petrification resistance
a: no special abilities


You were on level 4 of the Dungeon.
You visited 1 branch of the dungeon, and saw 4 of its levels.

You collected 229 gold pieces.

Inventory:

Hand Weapons
 a - a +0 flail
 k - a +1 whip of electrocution (weapon)
Missiles
 j - 6 poisoned darts (quivered)
Armour
 b - the +8 scale mail of Lodoxuck (worn) {rF+ rN+}
   (You found it on level 4 of the Dungeon)

   rF:        It protects you from fire.
   rN:        It protects you from negative energy.
 c - a +0 buckler (worn)
 x - a +0 pair of gloves (worn)
Jewellery
 g - a +4 ring of protection (left hand)
 s - a ring of resist corrosion (right hand)
Wands
 r - a wand of flame (13)
Scrolls
 h - a scroll of teleportation
 u - a scroll of fear
Potions
 d - 4 potions of might
 e - 2 potions of brilliance {unknown}
 f - 2 potions of mutation
 l - 3 potions of curing
 m - a potion of berserk rage
 n - a potion of magic
 t - 2 potions of resistance


   Skills:
 + Level 5.0 Fighting
 + Level 3.9 Maces & Flails
 + Level 5.0 Armour
 + Level 5.0 Shields


You had 6 spell levels left.
You didn't know any spells.
Your spell library contained the following spells:

 Spells                   Type           Power      Damage    Failure   Level
 Blink                    Tloc           0%         N/A       91%         2
 Manifold Assault         Tloc           0%         N/A       100%        4
 Dispersal                Tloc           0%         N/A       100%        6
 Disjunction              Tloc           0%         N/A       100%        8


Dungeon Overview and Level Annotations

Branches:
Dungeon (4/15)
 Temple: D:4-7

Altars:
Sif Muna
Trog
Wu Jian

Annotations:
D:4 Pikel


Innate Abilities, Weirdness & Mutations

You are immune to sickness and miasma.
Your stone body is resilient. (AC +4)
You are immune to poison.
You resist negative energy. (rN+)
You are resistant to electric shocks. (rElec)
You are resistant to unholy torment.
You are immune to petrification.


Message History

The orc warrior attacks as you move away!
The orc warrior closely misses you.
The orc warrior attacks as you move away!
The orc warrior hits you but does no damage.
Pikel zaps a wand.
The puff of flame misses you.
The orc warrior attacks as you move away!
The orc warrior barely misses you.
Found 11 gold pieces.
The orc warrior attacks as you move away!
The orc warrior hits you but does no damage.
The orc warrior hits you but does no damage.
The orc warrior attacks as you move away!
The orc warrior hits you but does no damage.
The orc warrior attacks as you move away!
You block the orc warrior's attack.
The orc warrior attacks as you move away!
The orc warrior hits you but does no damage.
The orc warrior attacks as you move away!
The orc warrior hits you but does no damage.
The orc warrior attacks as you move away!
The orc warrior closely misses you.
The orc warrior attacks as you move away!
The orc warrior hits you but does no damage.
The orc warrior attacks as you move away!
The orc warrior barely misses you.
The orc warrior attacks as you move away!
The orc warrior hits you with a +0 dire flail!
* * * LOW HITPOINT WARNING * * *
The orc warrior attacks as you move away!
You block the orc warrior's attack.
The orc warrior attacks as you move away!
You block the orc warrior's attack.
The orc warrior attacks as you move away!
The orc warrior completely misses you.
Pikel says, "It's all about the gold, really."
The orc warrior attacks as you move away!
The orc warrior barely misses you.
The orc warrior attacks as you move away!
The orc warrior hits you with a +0 dire flail!
You die...

#.##...... #.#..... #.#.
#)#..#####.#.##### ### ##
#<).....##...#<..###....# ...
###)............<.....##.###...
+.)........###....#####........
##.#.....#.#.................##
..#..#######.....................
....[........#.#@#.....##........
...#.#...#.#.#..o#.#.#...........
#.#..#.#.#...........#.#.......#.
..##.......##5....##...........#
#......#......5........##........
#.#....#....#K###÷#....###...#...
.......#.....5.........# ##..##..
..##.......##.....##....# #.# ..
.....#.#.#...........#.#.


You could see Pikel, an orc warrior and 3 lemures.

Vanquished Creatures
  2 orc priests
  A hound (D:4)
  2 jellies (D:2)
  An iguana (D:4)
  Natasha (thrice) (D:2)
  2 orc wizards
  5 adders
  2 dart slugs
  11 orcs
  14 endoplasms
  6 goblins
  5 hobgoblins
  6 jackals (D:2)
  A quokka (D:3)
  5 ball pythons
  A bat (D:2)
  3 frilled lizards
  10 kobolds
  7 rats
87 creatures vanquished.

Vanquished Creatures (others)
  A fungus (D:2)
  2 plants (D:3)
  11 toadstools (D:2)
14 creatures vanquished.

Grand Total: 101 creatures vanquished

Notes
Turn   | Place    | Note
-------+----------+-------------------------------------------
     0 | D:1      | Dittersdorf the Gargoyle Fighter began the quest for the
                  | Orb.
     0 | D:1      | Reached XP level 1. HP: 14/14 MP: 1/1
   305 | D:1      | Reached XP level 2. HP: 19/19 MP: 2/2
  1103 | D:2      | Reached XP level 3. HP: 12/23 MP: 3/3
  1193 | D:2      | Reached XP level 4. HP: 24/29 MP: 4/4
  1315 | D:2      | Noticed Natasha
  1322 | D:2      | Killed Natasha
  1323 | D:2      | Reached XP level 5. HP: 26/33 MP: 5/5
  1672 | D:2      | Noticed Natasha
  1675 | D:2      | Killed Natasha
  1771 | D:2      | Noticed Natasha
  1780 | D:2      | Killed Natasha
  2131 | D:3      | Reached XP level 6. HP: 39/39 MP: 6/6
  2438 | D:3      | Found an ornate altar of the Wu Jian Council.
  2472 | D:3      | Found a faded altar of an unknown god.
  3022 | D:4      | Identified the +8 scale mail of Lodoxuck {rF+ rN+}
  3062 | D:4      | Reached skill level 5 in Shields
  3103 | D:4      | Found a shimmering blue altar of Sif Muna.
  3113 | D:4      | Reached skill level 5 in Fighting
  3113 | D:4      | Reached skill level 5 in Armour
  3117 | D:4      | Got Sif Muna's Catalogue of the Voyage
  3126 | D:4      | Reached XP level 7. HP: 44/44 MP: 7/7
  3126 | D:4      | Found a bloodstained altar of Trog.
  3126 | D:4      | Noticed Pikel
  3197 | D:4      | Slain by an orc warrior

Illustrated notes

Levels and vault maps discovered:
D:1:      amcnicky_arrival_feature_with_door, layout_basic
D:2:      cheibrodos_fertilizer, layout_loops_ring, uniq_natasha
D:3:      wad_lake_hut, layout_basic, pdpol_wu_jian_five_deadly_venoms,
          chequers_ecumenical_altar_simple
D:4:      nicolae_cairo_tiling_large_dashed, layout_basic,
          nzn_overflow_gifts_of_might_and_magic, kennysheep_little_box,
          uniq_pikel

Skill      XL: |  1  2  3  4  5  6 |
---------------+-------------------+-----
Shields        | 4 5 |  5.0
Fighting       | 4 5 |  5.0
Armour         | 4 5 |  5.0
Maces & Flails | 3 |  3.9

Action                     |  1- 3 |  4- 6 |  7- 9 || total
---------------------------+-------+-------+-------++-------
  Melee: Flail             |    21 |       |       ||    21
         Whip              |    68 |   193 |    21 ||   282
    Use: Scroll            |       |    11 |       ||    11
 Armour: Scale mail        |    11 |    14 |    14 ||    39
         Chain mail        |    59 |   102 |       ||   161
  Dodge: Dodged            |    35 |    45 |    12 ||    92
  Block: Buckler           |    16 |    35 |     6 ||    57

Table legend: (Time is in decaauts)
 A = Elapsed time spent in this place.
 B = Non-inter-level travel time spent in this place.
 C = Inter-level travel time spent in this place.
 D = Time resting spent in this place.
 E = Time spent auto-exploring this place.
 F = Levels seen in this place.
 G = Mean time per level.
                   A        B        C        D        E       F      G
               +--------+--------+--------+--------+--------+-----+--------+
         Total |   3239 |   3084 |    155 |    115 |   2264 |   4 |  809.8 |
       Dungeon |   3239 |   3084 |    155 |    115 |   2264 |   4 |  809.8 |
               +--------+--------+--------+--------+--------+-----+--------+

Top non-repeatable levels by time:
     D:1: 1026 daAuts
     D:2: 1010 daAuts
     D:3: 937 daAuts
     D:4: 266 daAuts
